 Dungeon Crawl Stone Soup version 0.32-a0-128-g77eb882913 (webtiles) character file.

Game seed: 13362224509750047993

425 Sobieck the Trooper (level 6, -5/68 HPs)
             Began as an Oni Fighter on Feb 7, 2024.
             Killed from afar by an orc wizard (7 damage)
             ... with a magic dart
             ... on level 4 of the Dungeon.
             The game lasted 00:04:12 (3133 turns).

Sobieck the Trooper (Oni Fighter)                   Turns: 3133, Time: 00:04:13

Health: -5/68      AC:  3    Str: 23    XL:     6   Next: 96%
Magic:  6/6        EV:  5    Int:  9    God:
Gold:   162        SH: 12    Dex:  8    Spells: 5/5 levels left

rFire   + . .        a - +0 war axe
rCold   . . .        c - +0 kite shield
rNeg    . . .        b - +0 robe
rPois   .            (helmet restricted)
rElec   .            (no cloak)
rCorr   .            (gloves unavailable)
SInv    .            (boots unavailable)
Will    .....        m - amulet of reflection
Stlth   +            d - ring of protection from fire
HPRegen 0.31/turn    (no ring)
MPRegen 0.10/turn

%: reflection
@: grasped by roots, constricted
A: large, unfitting armour, horns 1, tough skin 1, double potion healing,
drunken brawling
a: no special abilities


You were on level 4 of the Dungeon.
You visited 1 branch of the dungeon, and saw 4 of its levels.

You collected 162 gold pieces.

Inventory:

Hand Weapons
 a - a +0 war axe (weapon)
Missiles
 e - 2 boomerangs (quivered)
 i - 30 stones
 o - 7 poisoned darts
Armour
 b - a +0 robe (worn)
 c - a +0 kite shield (worn)
Jewellery
 d - a ring of protection from fire (left hand)
 m - an amulet of reflection (around neck)
 q - an amulet of magic regeneration
Scrolls
 g - 9 scrolls of identify {unknown}
 j - a scroll of amnesia {unknown}
 l - a scroll of poison {unknown}
 p - 2 scrolls of fog {unknown}
 t - 2 scrolls of teleportation {unknown}
 u - a scroll of revelation {unknown}
Potions
 f - a potion of enlightenment {unknown}
 h - a potion of attraction {unknown}
 k - a potion of invisibility
 r - a potion of berserk rage {unknown}


   Skills:
 + Level 6.6 Fighting
 * Level 6.0 Axes
 - Level 2.6 Dodging
 - Level 2.6 Shields


You had 5 spell levels left.
You didn't know any spells.
Your spell library contained the following spells:

 Spells                   Type           Power      Damage    Failure   Level
 Magic Dart               Conj           0%         1d3       67%         1
 Sandblast                Erth           0%         2d4       67%         1
 Scorch                   Fire           0%         2d5       80%         2
 Searing Ray              Conj           0%         2d4       80%         2
 Dazzling Flash           Conj/Hex       0%         N/A       95%         3
 Mephitic Cloud           Conj/Alch/Air  0%         N/A       95%         3
 Passwall                 Erth           0%         N/A       95%         3
 Stone Arrow              Conj/Erth      0%         3d7       95%         3
 Brom's Barrelling Bould  Conj/Erth      0%         2d3       100%        4
 Flame Wave               Conj/Fire      0%         2d4       100%        4
 Fulminant Prism          Conj/Alch      0%         3d5       100%        4
 Curse of Agony           Necr           0%         N/A       100%        5
 Silence                  Hex/Air        0%         N/A       100%        5
 Summon Cactus Giant      Summ           0%         N/A       100%        6


Dungeon Overview and Level Annotations

Branches:
Dungeon (4/15)
 Temple: D:4-7

Altars:
Cheibriados
Nemelex Xobeh


Innate Abilities, Weirdness & Mutations

You are too large for most types of armour.
You have a pair of small horns on your head.
You have tough skin. (AC +1)
You gain doubled healing and magic from potions.
Whenever you drink a healing potion, you attack all around you.


Message History

* * * LOW HITPOINT WARNING * * *
Unknown command.
You miss something. Your headbutt misses something. Something hits you.
* * * LOW HITPOINT WARNING * * *
You are constricted.
* * * LOW HITPOINT WARNING * * *
You hear some strange, mumbled words.
A puff of flame appears from out of thin air!
The puff of flame hits you. You resist.
* * * LOW HITPOINT WARNING * * *
You are constricted.
* * * LOW HITPOINT WARNING * * *
The grasping roots release their grip on you.
Unknown command.
You closely miss something. You headbutt something. Something hits you.
* * * LOW HITPOINT WARNING * * *
Unknown command.
You barely miss something.
You hear some strange, mumbled words.
You are confused.
Unknown command.
You bump into the rock wall.
You hear some strange, mumbled words.
A magic dart appears from out of thin air!
The magic dart hits you.
* * * LOW HITPOINT WARNING * * *
Unknown command.
You completely miss something. Something hits you.
* * * LOW HITPOINT WARNING * * *
Something hits you.
* * * LOW HITPOINT WARNING * * *
Unknown command.
You miss something. Your headbutt misses something. Something hits you.
* * * LOW HITPOINT WARNING * * *
Unknown command.
It was a potion of cancellation.
Your magical effects are unravelling.
You feel magically purged.
You flicker back into view.
You feel less confused.
You hear a zap.
The roots erupt in riotous growth!
The grasping roots grab you!
You are constricted.
* * * LOW HITPOINT WARNING * * *
Unknown command.
You closely miss something.
You hear some strange, mumbled words.
A magic dart appears from out of thin air!
The magic dart hits you!
You die...

.. ##.......... .#
##......... ##.#
#.....###. #..#
##........ ##.#
##........ ..#####..#
###..#######
#.....oo# ###....## #
#.#####{####....#..##
##
##@....#####..####.
#.$.### #..#....
#..## ##...... #...##
#.....# ##....###
###...##
#...#...####......#
##..####...........#
##..## ##...........
#...# ###.........


You could see 2 orcs.

Vanquished Creatures
  Blork the orc (D:4)
  Jessica (D:2)
  Terence (D:2)
  2 orc wizards (D:4)
  Natasha (thrice) (D:2)
  3 gnolls
  5 adders
  A white imp (D:4)
  3 dart slugs
  6 ribbon worms
  6 orcs
  7 ball pythons
  7 bats
  4 endoplasms
  3 giant cockroaches
  7 goblins
  6 hobgoblins
  A jackal (D:3)
  4 kobolds
  3 quokkas
  4 frilled lizards
  2 rats
80 creatures vanquished.

Notes
Turn   | Place    | Note
-------+----------+-------------------------------------------
     0 | D:1      | Sobieck the Oni Fighter began the quest for the Orb.
     0 | D:1      | Reached XP level 1. HP: 24/24 MP: 1/1
    63 | D:1      | Reached XP level 2. HP: 30/32 MP: 2/2
   467 | D:1      | Reached skill level 3 in Axes
   488 | D:2      | Reached XP level 3. HP: 40/40 MP: 3/3
   596 | D:2      | Noticed Natasha
   601 | D:2      | Killed Natasha
   630 | D:2      | Reached XP level 4. HP: 49/49 MP: 4/4
   824 | D:2      | Noticed Natasha
   833 | D:2      | Killed Natasha
   934 | D:2      | Noticed Jessica
   941 | D:2      | Killed Jessica
   942 | D:2      | Reached XP level 5. HP: 39/57 MP: 5/5
  1165 | D:2      | Found a snail-covered altar of Cheibriados.
  1226 | D:2      | Noticed Terence
  1227 | D:2      | You fall into a shaft and drop 1 floor!
  1765 | D:3      | Found a faded altar of an unknown god.
  2252 | D:2      | Noticed Natasha
  2265 | D:2      | Killed Natasha
  2266 | D:2      | Reached XP level 6. HP: 40/67 MP: 6/6
  2489 | D:2      | Killed Terence
  2490 | D:2      | Reached skill level 6 in Fighting
  2887 | D:4      | Noticed Blork the orc
  2895 | D:4      | Killed Blork the orc
  2918 | D:4      | Found a sparkling altar of Nemelex Xobeh.
  3123 | D:4      | Reached skill level 6 in Axes
  3132 | D:4      | HP: 2/68 [something (3)]
  3133 | D:4      | Killed from afar by an orc wizard

Illustrated notes

Levels and vault maps discovered:
D:1:      psy_arrival_dodecagon, layout_rooms, nicolae_wormholes
D:2:      layout_loops_ring, basic_altar, uniq_natasha, uniq_jessica,
          uniq_terence
D:3:      layout_loops_cross, shapermc_ecumenical_altar_pompeii,
          kennysheep_generic_room_15
D:4:      layout_layer_cave, nicolae_uskayaw_murder_on_the_dancefloor,
          mainiacjoe_overflow_boulevard, st_stairs_1, abandoned_shop,
          roderic_serpentine_path, uniq_crazy_yiuf_cottage, uniq_blork_the_orc

Skill      XL: |  1  2  3  4  5  6 |
---------------+-------------------+-----
Axes           | 3 4 5 6 |  6.0
Fighting       | 5 6 |  6.6
Dodging        | |  2.6
Shields        | |  2.6

Action                     |  1- 3 |  4- 6 || total
---------------------------+-------+-------++-------
  Melee: War axe           |    64 |   166 ||   230
         Headbutt          |    10 |    21 ||    31
    Use: Potion            |       |     4 ||     4
   Stab: Sleeping          |       |     1 ||     1
 Armour: Robe              |    47 |   104 ||   151
  Dodge: Dodged            |    29 |    35 ||    64
  Block: Kite shield       |    36 |    71 ||   107
         Reflection        |       |     3 ||     3

Table legend: (Time is in decaauts)
 A = Elapsed time spent in this place.
 B = Non-inter-level travel time spent in this place.
 C = Inter-level travel time spent in this place.
 D = Time resting spent in this place.
 E = Time spent auto-exploring this place.
 F = Levels seen in this place.
 G = Mean time per level.
                   A        B        C        D        E       F      G
               +--------+--------+--------+--------+--------+-----+--------+
         Total |   3230 |   3125 |    105 |    379 |   2091 |   4 |  807.5 |
       Dungeon |   3230 |   3125 |    105 |    379 |   2091 |   4 |  807.5 |
               +--------+--------+--------+--------+--------+-----+--------+

Top non-repeatable levels by time:
     D:2: 1121 daAuts
     D:3: 892 daAuts
     D:4: 716 daAuts
     D:1: 500 daAuts
